Map: Eternal Empire LE

Players

Mitrelmax - Winner!

  • Race: Protoss Protoss
  • League: Silver
  • Spawn Location: 7:00

antagomiR

  • Race: Protoss Protoss
  • League: Gold
  • Spawn Location: 1:00

VOD

Have the link to the VOD?

Description

Time

  • Played on: April 3, 2020, 7:40 p.m.
  • Length: 28:53
Show
View Real Time Build Order
Export as new Build Order

Mitrelmax Protoss - Winner!

Build Orders:  

Get SALT Encoding   

  12  0:03  Probe (Chrono Boost)  
  13  0:16  Probe (Chrono Boost)  
  14  0:23  Pylon  
  14  0:24  Assimilator  
  15  0:28  Probe  
  15  0:41  Probe  
  16  0:45  Forge  
  16  1:04  Pylon  
  16  1:08  Probe (Chrono Boost)  
  17  1:13  Gateway  
  17  1:20  Probe (Chrono Boost)  
  18  1:27  Probe (Chrono Boost)  
  19  1:39  Probe  
  20  1:50  Photon Cannon  
  20  1:51  Photon Cannon  
  20  1:52  Probe  
  21  2:02  Pylon  
  21  2:04  Probe  
  22  2:11  Photon Cannon  
  22  2:16  Probe  
  23  2:27  Photon Cannon  
  22  2:35  Zealot (Chrono Boost)  
  24  2:38  Assimilator  
  24  2:45  Cybernetics Core  
  24  2:48  Protoss Ground Weapons Level 1 (Chrono Boost)  
  24  3:05  Pylon  
  24  3:10  Gateway  
  24  3:14  Pylon  
  24  3:23  Probe, Zealot  
  27  3:27  Warp Gate  
  27  3:36  Twilight Council  
  27  3:40  Pylon  
  27  3:43  Probe  
  28  3:50  Zealot  
  28  3:55  Probe  
  31  3:57  Zealot  
  33  4:08  Pylon  
  33  4:14  Probe  
  34  4:18  Zealot  
  34  4:21  Charge (Chrono Boost)  
  38  4:24  Zealot  
  38  4:49  Protoss Ground Armor Level 1  
  38  4:51  Stargate  
  38  4:53  Stargate  
  38  4:58  Zealot  
  40  5:04  Zealot  
  42  5:19  Probe  
  43  5:29  Dark Shrine  
  43  5:59  Stalker  
  43  6:01  Stalker  
  47  6:07  Blink (Chrono Boost)  
  47  6:14  Nexus  
  47  6:18  Pylon  
  47  6:20  Pylon  
  47  6:31  Zealot  
  49  6:34  Zealot  
  45  7:41  Oracle x2  
  45  7:45  Probe (Chrono Boost)  
  45  7:50  Nexus  
  46  7:54  Pylon  
  46  7:55  Probe (Chrono Boost)  
  46  7:57  Assimilator  
  47  8:00  Probe x2 (Chrono Boost)  
  47  8:01  Assimilator  
  49  8:11  Probe  
  49  8:12  Protoss Ground Weapons Level 2 (Chrono Boost)  
  50  8:18  Oracle  
  53  8:23  Probe  
  53  8:24  Probe  
  55  8:33  Stalker  
  57  8:35  Probe  
  57  8:37  Stalker  
  57  8:40  Probe  
  61  8:47  Probe  
  62  8:53  Probe (Chrono Boost)  
  63  8:59  Probe (Chrono Boost)  
  67  9:10  Probe x3 (Chrono Boost)  
  67  9:15  Probe (Chrono Boost), Stalker x2  
  67  9:16  Probe  
  73  9:26  Probe  
  73  9:28  Probe  
  73  9:31  Probe  
  76  9:38  Probe  
  77  9:40  Probe  
  78  9:50  Probe  
  78  9:51  Protoss Air Weapons Level 1 (Chrono Boost)  
  79  10:02  Probe  
  77  10:14  Probe  
  78  10:24  Dark Templar x2  
  82  10:29  Protoss Shields Level 1 (Chrono Boost)  
  82  10:48  Gateway  
  82  10:52  Pylon  
  82  10:58  Pylon  
  82  11:00  Pylon  
  82  11:04  Pylon  
  82  11:07  Gateway  
  82  11:10  Gateway  
  82  11:16  Gateway  
  82  11:21  Probe (Chrono Boost)  
  83  11:26  Assimilator  
  83  11:32  Assimilator  
  84  11:33  Probe (Chrono Boost)  
  84  11:39  Probe (Chrono Boost)  
  86  11:40  Probe (Chrono Boost)  
  86  11:43  Protoss Air Armor Level 1 (Chrono Boost)  
  86  11:46  Pylon  
  86  11:48  Probe  
  86  11:51  Probe  
  88  11:54  Nexus  
  88  11:56  Pylon  
  88  11:59  Pylon  
  88  12:00  Probe  
  89  12:02  Assimilator  
  89  12:03  Probe  
  89  12:04  Pylon  
  90  12:08  Assimilator  
  90  12:10  Zealot x4  
  90  12:11  Zealot x2  
  90  12:15  Probe  
  103  12:24  Protoss Ground Weapons Level 3 (Chrono Boost)  
  103  12:27  Probe  
  104  12:35  Dark Shrine  
  104  12:41  Gateway  
  104  12:43  Gateway  
  104  12:47  Gateway  
  104  12:49  Robotics Facility  
  104  13:08  Probe  
  98  13:44  Pylon  
  95  14:12  Pylon  
  95  14:13  Oracle x2  
  101  14:19  Gateway  
  101  14:21  Photon Cannon  
  101  14:23  Shield Battery  
  101  14:24  Shield Battery  
  101  14:28  Photon Cannon  
  101  14:31  Photon Cannon  
  101  14:32  Shield Battery  
  101  14:39  Gateway  
  101  14:41  Gateway  
  101  14:44  Gateway  
  109  15:03  Dark Templar x3  
  109  15:06  Dark Templar  
  109  15:07  Dark Templar x5  
  107  15:08  Dark Templar x3  
  119  15:24  Pylon  
  119  15:41  Zealot x2  
  119  15:42  Zealot x7  
  94  16:08  Warp Prism (Chrono Boost)  
  81  16:14  Protoss Shields Level 2 (Chrono Boost)  
  83  16:24  Robotics Bay  
  83  16:27  Pylon  
  83  16:29  Pylon  
  83  16:35  Fleet Beacon  
  83  16:37  Warp Prism (Chrono Boost)  
  83  16:39  Templar Archives  
  85  17:05  Observer (Chrono Boost)  
  86  17:24  Observer  
  71  17:46  Dark Templar x3, Observer  
  71  17:47  Dark Templar x3  
  57  18:09  Stalker  
  50  18:23  Zealot x5  
  50  18:24  Zealot x3  
  56  18:34  Zealot  
  56  18:37  Protoss Ground Armor Level 2 (Chrono Boost)  
  42  18:53  Zealot x2  
  42  18:54  Zealot x5  
  42  18:55  Protoss Air Weapons Level 2 (Chrono Boost), Zealot x2  
  46  19:16  Zealot x3  
  46  19:17  Zealot x3  
  54  19:38  Nexus  
  54  19:41  Pylon  
  54  19:43  Pylon  
  54  19:46  Assimilator  
  54  19:52  Assimilator  
  54  19:55  Probe (Chrono Boost)  
  54  19:58  Nexus  
  55  20:04  Zealot x2  
  55  20:05  Zealot x5  
  55  20:06  Probe (Chrono Boost), Zealot x2  
  74  20:11  Probe (Chrono Boost)  
  49  20:22  Probe  
  49  20:26  Zealot x2  
  49  20:27  Zealot x2  
  49  20:28  Zealot x2  
  58  20:34  Probe  
  51  20:42  Zealot  
  51  20:43  Zealot x2  
  51  20:45  Protoss Shields Level 3  
  49  20:57  Zealot x2  
  49  20:58  Zealot x2  
  57  21:12  Stalker x4  
  57  21:13  Stalker  
  57  21:15  Protoss Air Armor Level 2  
  67  21:25  Probe (Chrono Boost)  
  69  21:35  Probe x2 (Chrono Boost)  
  70  21:40  Probe (Chrono Boost), Zealot x2  
  70  21:41  Probe (Chrono Boost), Zealot x5  
  70  21:42  Zealot x2  
  90  21:51  Probe  
  90  21:53  Probe  
  82  22:03  Probe  
  81  22:35  Probe (Chrono Boost)  
  83  22:45  Probe (Chrono Boost)  
  83  22:46  Probe (Chrono Boost)  
  83  22:50  Probe (Chrono Boost)  
  86  22:54  Probe (Chrono Boost)  
  86  22:56  Probe (Chrono Boost)  
  88  22:59  Probe (Chrono Boost), Gravitic Drive  
  88  23:04  Probe (Chrono Boost)  
  88  23:05  Probe (Chrono Boost)  
  90  23:09  Probe (Chrono Boost)  
  92  23:14  Probe (Chrono Boost)  
  92  23:19  Probe (Chrono Boost)  
  94  23:22  Probe (Chrono Boost)  
  94  23:23  Probe (Chrono Boost)  
  96  23:27  Probe (Chrono Boost)  
  96  23:33  Probe (Chrono Boost)  
  97  23:40  Probe  
  98  23:42  Protoss Ground Armor Level 3  
  98  23:49  Protoss Air Weapons Level 3  
  98  23:52  Probe, Zealot x2  
  98  23:53  Zealot x4  
  98  23:54  Zealot x3  
  117  23:56  Gravitic Boosters  
  99  24:31  Dark Templar  
  99  24:32  Dark Templar x5  
  99  24:33  Dark Templar x3  
  103  25:21  Zealot x3  
  103  25:22  Zealot x2  
  101  26:12  Stalker  
  101  26:13  Stalker x3  
  101  26:14  Stalker x3  
  89  27:59  Zealot x4  
  89  28:00  Zealot x4  
  89  28:01  Zealot  
  107  28:06  Assimilator  
  107  28:08  Assimilator, Nexus  
Show
View Real Time Build Order
Export as new Build Order

antagomiR Protoss 

Build Orders:  

Get SALT Encoding   

  12  0:01  Probe  
  13  0:13  Probe  
  14  0:18  Pylon  
  14  0:25  Probe  
  15  0:37  Gateway  
  15  0:41  Probe  
  16  0:49  Assimilator  
  16  0:53  Probe  
  17  1:05  Probe  
  18  1:17  Probe  
  19  1:32  Probe  
  20  1:36  Cybernetics Core  
  20  1:51  Zealot  
  19  2:44  Warp Gate (Chrono Boost)  
  19  2:53  Stalker (Chrono Boost)  
  21  3:09  Probe  
  22  3:21  Probe  
  23  3:27  Gateway  
  23  3:28  Gateway  
  23  3:32  Pylon  
  23  3:50  Probe  
  23  3:52  Gateway  
  23  3:54  Twilight Council  
  25  4:02  Probe  
  25  4:15  Probe  
  26  4:26  Stalker x2  
  26  4:27  Probe  
  26  4:29  Pylon, Blink (Chrono Boost)  
  31  4:35  Pylon  
  31  4:38  Pylon  
  31  4:48  Stalker  
  33  5:01  Stalker  
  33  5:06  Pylon  
  35  5:13  Assimilator  
  35  5:24  Nexus  
  35  5:25  Pylon  
  35  5:26  Stalker  
  37  5:35  Probe  
  38  5:45  Stalker x2  
  38  5:47  Probe  
  41  6:04  Shield Battery  
  41  6:18  Probe  
  40  6:30  Probe  
  41  6:42  Probe  
  30  6:54  Probe  
  29  7:01  Stalker  
  29  7:02  Stalker x3  
  29  7:06  Probe  
  29  7:08  Assimilator  
  38  7:18  Probe  
  37  7:30  Zealot x2  
  37  7:37  Stalker x2  
  43  7:38  Probe  
  43  7:41  Probe  
  43  7:51  Probe  
  44  7:53  Probe  
  44  7:56  Assimilator  
  45  7:58  Stalker  
  45  8:03  Probe  
  48  8:16  Forge  
  48  8:18  Probe x2  
  48  8:19  Forge  
  50  8:27  Pylon  
  50  8:30  Probe x2  
  52  8:34  Gateway  
  52  8:37  Gateway  
  52  8:40  Zealot x2  
  52  8:41  Zealot x2  
  60  8:42  Probe x2  
  62  8:54  Probe x2  
  64  8:58  Templar Archives  
  64  9:09  Sentry x2, Robotics Facility  
  68  9:21  Zealot  
  68  9:22  Zealot  
  72  9:26  Charge (Chrono Boost)  
  72  9:30  Probe  
  72  9:31  Probe  
  74  9:36  Protoss Ground Weapons Level 1 (Chrono Boost)  
  74  9:38  Protoss Ground Armor Level 1 (Chrono Boost)  
  74  9:43  Probe  
  74  9:45  Probe  
  76  9:47  Pylon  
  64  9:55  Probe  
  64  9:58  Stalker  
  64  9:59  Stalker  
  63  10:10  Stalker x2  
  63  10:11  Stalker  
  60  10:49  Photon Cannon  
  60  10:53  Photon Cannon  
  60  11:00  Observer (Chrono Boost)  
  61  11:16  Zealot  
  61  11:17  Zealot x2  
  61  11:18  Stalker  
  69  11:34  Phoenix  
  69  11:43  Nexus  
  69  11:44  Pylon  
  69  11:45  Stalker  
  71  11:49  Probe x2  
  73  12:01  Probe x2  
  75  12:09  Shield Battery  
  75  12:13  Probe x2  
  77  12:25  Probe  
  77  12:26  Probe  
  77  12:29  Stalker  
  81  12:30  Stalker  
  83  12:41  Probe x2  
  85  12:53  Probe x2, Photon Cannon  
  87  13:05  Probe x2  
  89  13:16  Stalker  
  89  13:17  Probe x2  
  89  13:18  Zealot  
  89  13:19  Photon Cannon  
  95  13:22  Photon Cannon  
  95  13:25  Pylon  
  95  13:27  Assimilator  
  95  13:29  Probe x2  
  95  13:32  Assimilator  
  96  13:37  High Templar  
  96  13:38  High Templar  
  98  13:41  Probe x2  
  98  13:42  Archon  
  97  13:53  Probe x2  
  99  14:02  Gateway x2  
  97  14:05  Probe x2, Pylon  
  98  14:17  Probe  
  98  14:22  Probe, Photon Cannon  
  100  14:29  Probe  
  101  14:34  Probe  
  102  14:45  Zealot x4  
  106  14:46  Zealot x2  
  114  14:56  Nexus  
  114  14:59  Pylon  
  114  15:01  Pylon  
  108  15:20  Zealot x3  
  108  15:21  Zealot  
  96  15:44  Stalker  
  96  15:45  Stalker x4  
  96  15:47  High Templar  
  96  15:48  High Templar x2  
  94  16:07  Archon  
  92  16:23  Probe x2  
  92  16:25  Probe  
  95  16:28  Photon Cannon  
  95  16:31  High Templar x2, Photon Cannon  
  99  16:34  Shield Battery  
  99  16:35  Probe x2  
  99  16:37  Assimilator  
  99  16:39  Stalker x2  
  105  16:41  Zealot x2  
  105  16:42  Assimilator  
  109  16:56  Archon  
  109  17:07  Zealot x3  
  107  17:50  High Templar x3  
  107  17:52  Zealot  
  107  17:53  Zealot x4  
  97  18:18  Archon  
  97  18:22  Zealot x4  
  97  18:23  Zealot x3  
  89  19:07  High Templar x4  
  89  19:08  Stalker  
  87  19:10  Zealot x3  
  79  19:36  Archon x2  
  79  19:41  Zealot x3  
  79  19:42  Zealot x4  
  93  19:56  Probe x3  
  96  20:00  Zealot  
  96  20:01  Zealot x2  
  96  20:02  Zealot x4  
  96  20:03  Zealot  
  110  20:08  Probe  
  89  20:27  High Templar x2  
  89  20:28  High Templar x2  
  85  20:30  Zealot x4  
  79  20:56  Archon  
  75  20:57  Archon  
  75  21:04  Stargate  
  75  21:06  Stargate  
  75  21:16  Zealot x5  
  75  21:17  Zealot x3  
  90  21:30  Probe x3  
  93  21:42  Probe  
  94  21:51  High Templar x2  
  94  21:54  Protoss Ground Weapons Level 2 (Chrono Boost), Zealot x4  
  100  21:55  Zealot x2  
  100  22:00  Pylon  
  77  22:12  Archon  
  77  22:15  High Templar x2  
  73  22:33  Stalker x2  
  73  22:34  Stalker x2  
  73  22:35  High Templar x3  
  87  22:41  Archon  
  87  22:43  Zealot  
  89  22:49  Void Ray  
  89  22:50  Void Ray  
  97  22:59  Zealot x2  
  97  23:00  Zealot x2  
  105  23:11  Gateway  
  105  23:15  Gateway x2  
  105  23:19  High Templar x2  
  109  23:20  High Templar  
  109  23:24  Archon x2  
  111  23:50  High Templar x2  
  111  23:51  High Templar  
  111  23:53  Zealot  
  111  23:54  Zealot  
  111  23:55  Zealot x3  
  127  23:57  Archon  
  121  24:24  Probe x3  
  121  24:27  Nexus  
  124  24:31  Pylon  
  124  24:35  Pylon  
  123  24:47  Observer (Chrono Boost)  
  122  24:54  Pylon  
  118  25:43  Photon Cannon  
  118  25:45  Photon Cannon  
  117  25:54  Unknown  
  59  27:29  Forge  
  59  27:32  Pylon  
  59  27:35  Pylon  
  57  27:52  Void Ray (Chrono Boost)  
  65  28:18  Photon Cannon  
  60  28:20  Photon Cannon  
  60  28:22  Photon Cannon  
  33  28:48  Pylon  
  33  28:53  Pylon  
Tags
 
Matchup
PvP
Replay Pack
20200422
Spawn Locations
Cross Positions
Add a new tag
Caveats
  • Supply blocks, unpowered buildings, or Contaminate may cause inaccurate times.
  • Supply counts are checked every 10 seconds.